 Dungeon Crawl Stone Soup version 0.21-a0-474-g05767a10c8 (webtiles) character file.

561 Kaname the Conjurer (level 7, 11/46 HPs)
             Began as a Demonspawn Wizard on Nov 22, 2017.
             Quit the game on level 4 of the Dungeon.
             The game lasted 00:10:13 (3218 turns).

Kaname the Conjurer (Demonspawn Wizard)             Turns: 3218, Time: 00:10:13

Health: 11/46      AC:  2    Str:  7    XL:     7   Next: 9%
Magic:  1/20       EV: 11    Int: 21    God:
Gold:   217        SH:  7    Dex: 12    Spells: 6/12 levels left

rFire    . . .     SeeInvis +   u - +0 short sword (freeze)
rCold    . . .     Gourm    .   j - +0 buckler
rNeg     . . .     Faith    .   g - +0 robe
rPois    +         Spirit   .   (helmet unavailable)
rElec    .         Reflect  .   (no cloak)
rCorr    .         Harm     .   (no gloves)
MR       .....                  (no boots)
Stlth    ++++......             (no amulet)
HPRegen  0.15/turn              e - ring of magical power
MPRegen  0.17/turn              m - ring of poison resistance

@: very slightly contaminated
A: antennae 3, large bone plates 1, nightstalker 2
a: no special abilities


You were on level 4 of the Dungeon.
You were very hungry.

You visited 1 branch of the dungeon, and saw 4 of its levels.

You collected 217 gold pieces.

Inventory:

Hand Weapons
 u - a +0 short sword of freezing (weapon)
Armour
 b - a +0 hat
 g - a +0 robe (worn)
 j - a +0 buckler (worn)
Jewellery
 e - a ring of magical power (left hand)
 m - a ring of poison resistance (right hand)
Scrolls
 f - 3 scrolls of teleportation
 h - 4 scrolls of remove curse
 i - a scroll of magic mapping {unknown}
 p - a scroll of immolation
 q - 2 scrolls of enchant weapon {unknown}
 r - 2 scrolls of enchant armour
Potions
 k - 2 potions of haste
 l - 2 potions of heal wounds
 o - 2 potions of curing
 s - a potion of might
 t - a potion of ambrosia {unknown}
 v - 3 potions of agility
Books
 c - a book of Minor Magic

   Spells                             Type                      Level
   a - Magic Dart                     Conjuration                  1
   b - Blink                          Translocation                2
   c - Call Imp                       Summoning                    2
   d - Slow                           Hexes                        2
   e - Conjure Flame                  Conjuration/Fire             3
   f - Mephitic Cloud                 Conjuration/Poison/Air       3
Comestibles
 d - 4 bread rations
 n - 2 royal jellies


   Skills:
 - Level 1.7 Dodging
 - Level 1.7 Stealth
 - Level 3.0 Spellcasting
 - Level 4.1 Conjurations
   Level 1.0 Summonings
 - Level 0.8 Translocations
 * Level 4.0 Air Magic
 - Level 4.0 Poison Magic


You had 6 spell levels left.
You knew the following spells:

 Your Spells              Type           Power        Failure   Level  Hunger
a - Magic Dart            Conj           ###.         4%          1    None
b - Blink                 Tloc           N/A          24%         2    ##.....
c - Mephitic Cloud        Conj/Pois/Air  ###.....     12%         3    ###....


Dungeon Overview and Level Annotations

Branches:
Dungeon (4/15)
 Temple: D:4-7

Altars:


Innate Abilities, Weirdness & Mutations

You have a pair of large antennae on your head. (SInv)
You are partially covered in large bone plates. (SH +4)
You are significantly more attuned to the shadows.


Message History

You hit the ogre. You freeze the ogre.
The ogre is severely wounded.
The ogre closely misses you.
You hit the ogre. You freeze the ogre.
The ogre is almost dead.
The ogre seems less confused.
The ogre hits you with a giant club.
* * * LOW HITPOINT WARNING * * *
You see here a hippogriff corpse.
Casting: Magic Dart
Confirm with . or Enter, or press ? or * to list all spells.
Aiming: Magic Dart
Press: ? - help, Shift-Dir - straight line, f/p - ogre
Aim: an ogre, wielding a giant club (almost dead)
The magic dart hits the ogre.
You kill the ogre!
Your Air Magic skill increases to level 4!
You have reached level 7!
Your demonic ancestry asserts itself...
Large bone plates grow over parts of your arms.
Are you sure you want to abandon this character and quit the game? (Confirm with "yes".)

#.# #.# #.# #.# #.#
#.## #.# #..# #.# ##.#
#.# ### #.# #.#
##.###)# #.###
##.#.##.# #...#
##.###.#@# ###.# ##.##
##..# ####.###.##
##.### ..........#
##....#
####.#####.###.#.#.###
#.# ..#....#...# #.#
.########## #.# .# #.


There were no monsters in sight!

Vanquished Creatures
  A hippogriff (D:4)
  An ogre (D:4)
  A bullfrog (D:4)
  An orc priest (D:4)
  A worker ant (D:4)
  8 adders
  3 worms (D:2)
  2 dart slugs
  7 leopard geckos
  10 orcs
  4 bats
  A giant cockroach (D:1)
  7 goblins
  6 hobgoblins
  2 jackals (D:2)
  4 quokkas
  5 frilled lizards
  8 kobolds
  3 rats
75 creatures vanquished.

Notes
Turn   | Place    | Note
-------+----------+-------------------------------------------
     0 | D:1      | Kaname the Demonspawn Wizard began the quest for the Orb.
     0 | D:1      | Reached XP level 1. HP: 13/13 MP: 4/4
   450 | D:1      | Gained mutation: You have a pair of small antennae on your head. [demonic ancestry]
   450 | D:1      | Reached XP level 2. HP: 19/19 MP: 6/6
   817 | D:2      | Learned a level 2 spell: Blink
   952 | D:2      | Gained mutation: You have a pair of antennae on your head. [demonic ancestry]
   952 | D:2      | Reached XP level 3. HP: 16/24 MP: 7/7
  1056 | D:2      | Learned a level 3 spell: Mephitic Cloud
  1207 | D:2      | Gained mutation: You are slightly more attuned to the shadows. [demonic ancestry]
  1207 | D:2      | Reached XP level 4. HP: 30/30 MP: 1/8
  1676 | D:2      | Reached skill level 1 in Poison Magic
  1866 | D:3      | Noticed Terence
  1968 | D:3      | Gained mutation: You have a pair of large antennae on your head. (SInv) [demonic ancestry]
  1968 | D:3      | Reached XP level 5. HP: 19/35 MP: 1/9
  2917 | D:4      | Reached skill level 1 in Air Magic
  2917 | D:4      | Gained mutation: You are significantly more attuned to the shadows. [demonic ancestry]
  2917 | D:4      | Reached XP level 6. HP: 8/41 MP: 7/10
  3177 | D:4      | Noticed a hippogriff
  3192 | D:4      | Killed a hippogriff
  3217 | D:4      | Gained mutation: You are partially covered in large bone plates. (SH +4) [demonic ancestry]
  3217 | D:4      | Reached XP level 7. HP: 11/46 MP: 1/11
  3218 | D:4      | Quit the game

Vault maps used:
D:1:      minmay_arrival_four_houses, serial_bayou_crossing
D:2:      minmay_pentomino_w4
D:3:      first_bread, uniq_terence
D:4:      nicolae_overflow_hidden_temple

Skill      XL: |  1  2  3  4  5  6 |
---------------+-------------------+-----
Conjurations   | 2 3 4 |  4.1
Poison Magic   | 2 4 |  4.0
Air Magic      | 1 4 |  4.0
Dodging        | |  1.7
Stealth        | |  1.7
Spellcasting   | |  3.0
Summonings     | |  1.0
Translocations | |  0.8

Action                   |  1- 3 |  4- 6 |  7- 9 || total
-------------------------+-------+-------+-------++-------
Melee: Unarmed           |     9 |       |       ||     9
       Dagger            |    28 |    58 |       ||    86
       Short sword       |       |    16 |       ||    16
 Cast: Magic Dart        |    67 |   118 |     1 ||   186
       Mephitic Cloud    |       |     3 |       ||     3
  Use: Potion            |       |     2 |       ||     2
       Scroll            |       |     8 |       ||     8
 Stab: Confused          |       |     1 |       ||     1
  Eat: Chunk             |     1 |     5 |       ||     6
Armor: Robe              |     3 |    12 |       ||    15
Dodge: Dodged            |    16 |    42 |       ||    58
Block: Buckler           |       |     1 |       ||     1

Table legend:
 A = Spawn XP
 B = Non-spawn XP
 C = Spawn XP percentage of total XP
 D = Spawn monster count
 E = Non-spawn monster count
 F = Spawn count percentage of total count
 G = Total turns spent on level
                    A         B        C        D         E        F      G
               +---------+---------+-------+---------+---------+-------+---------
         Total |       0 |     802 |   0.0 |       0 |      75 |   0.0 |  3218
               +---------+---------+-------+---------+---------+-------+---------
           D:1 |       0 |      22 |   0.0 |       0 |      12 |   0.0 |   805
           D:2 |       0 |     115 |   0.0 |       0 |      27 |   0.0 |   963
           D:3 |       0 |      84 |   0.0 |       0 |      25 |   0.0 |   936
           D:4 |       0 |     581 |   0.0 |       0 |      11 |   0.0 |   514
               +---------+---------+-------+---------+---------+-------+---------
